 Dungeon Crawl Stone Soup version 0.30.0 (webtiles) character file.

Game seed: 556618796614981956

99 marwff the Conjurer (level 4, -2/24 HPs)
             Began as a Deep Elf Conjurer on June 12, 2023.
             Killed by nerve-wracking pain
             ... invoked by an orc priest
              (13 damage)
             ... on level 3 of the Dungeon.
             The game lasted 00:04:41 (2526 turns).

marwff the Conjurer (Deep Elf Conjurer)             Turns: 2526, Time: 00:04:42

Health: -2/24      AC:  2    Str:  4    XL:     4   Next: 45%
Magic:  12/12      EV: 12    Int: 25    God:
Gold:   163        SH:  0    Dex: 13    Spells: 8/11 levels left

rFire   . . .        q - +3 hand axe (elec)
rCold   . . .        (no shield)
rNeg    . . .        a - +0 robe
rPois   .            c - +0 hat
rElec   .            (no cloak)
rCorr   .            (no gloves)
SInv    .            (no boots)
Will    .....        (no amulet)
Stlth   ++           (no ring)
HPRegen 0.24/turn    (no ring)
MPRegen 0.13/turn

%: no passive effects
@: no status effects
A: no striking features
a: no special abilities


You were on level 3 of the Dungeon.
You visited 1 branch of the dungeon, and saw 4 of its levels.

You collected 163 gold pieces.

Inventory:

Hand Weapons
 q - a +3 hand axe of electrocution (weapon)
Armour
 a - a +0 robe (worn)
 c - a +0 hat (worn)
Scrolls
 d - 7 scrolls of identify {unknown}
 e - a scroll of blinking {unknown}
 g - a scroll of enchant weapon {unknown}
 i - a scroll of magic mapping {unknown}
 j - 2 scrolls of noise {unknown}
 l - 2 scrolls of immolation {unknown}
 o - a scroll of teleportation {unknown}
 p - a scroll of poison {unknown}
 s - a scroll of fear {unknown}
Potions
 b - a potion of magic
 f - a potion of degeneration {unknown}
 h - 3 potions of might {unknown}
 k - a potion of cancellation {unknown}
 m - a potion of flight {unknown}
 n - a potion of resistance {unknown}
 r - a potion of ambrosia {unknown}


   Skills:
 - Level 2.4 Dodging
 - Level 2.4 Stealth
 + Level 4.3 Spellcasting
 * Level 5.9 Conjurations


You had 8 spell levels left.
You knew the following spells:

 Your Spells              Type           Power      Damage    Failure   Level
a - Magic Dart            Conj           100%       1d8       1%          1
b - Searing Ray           Conj           70%        2d7       1%          2

Your spell library contained the following spells:

 Spells                   Type           Power      Damage    Failure   Level
 Dazzling Flash           Conj/Hex       40%        N/A       8%          3
 Apportation              Tloc           10%        N/A       9%          1
 Necrotise                Necr           20%        1d5       9%          1
 Summon Small Mammal      Summ           20%        N/A       9%          1
 Cigotuvi's Dreadful Rot  Necr/Pois/Air  10%        N/A       13%         2
 Ignite Poison            Fire/Tmut/Pois 5%         N/A       26%         3
 Fulminant Prism          Conj/Hex       10%        3d8       26%         4
 Iskenderun's Mystic Bla  Conj/Tloc      20%        2d6       26%         4
 Freezing Cloud           Conj/Ice/Air   7%         6-21      73%         5


Dungeon Overview and Level Annotations

Branches:
Dungeon (4/15)
 Temple: D:4-7

Altars:


Message History

You finish channelling your searing ray.
The orc priest hits you from afar with a +0 trident.
Casting: Searing Ray (safe; 1% risk of failure)
Confirm with . or Enter, or press ? or * to list all spells.
Aiming: Searing Ray (safe; 1% risk of failure)
Press: ? - help, Shift-Dir - straight line, f - orc priest
Aim: an orc priest, wielding a +0 trident and wearing a +0 ring mail (lightly wounded, 83% to hit)
The searing ray hits the orc priest.
The orc priest is lightly wounded. (Press . to maintain the ray.)
* * * LOW MAGIC WARNING * * *
The orc priest hits you from afar with a +0 trident.
The searing ray misses the orc priest.
* * * LOW MAGIC WARNING * * *
The orc priest looks satisfied for a moment.
The orc priest mumbles some strange prayers to Beogh against you.
You barely resist.
The orc priest calls down the wrath of Beogh upon you.
Pain shoots through your body!
* * * LOW HITPOINT WARNING * * *
The orc priest begins to cast a cantrip, but forgets the words!
There is a stone staircase leading down here.
The orc priest miscasts a cantrip.
You climb downwards.
Found three items.
There is a stone staircase leading up here.
You start resting.
HP restored.
You start resting.
Magic restored.
You climb upwards.
The orc priest invokes the aid of Beogh against you.
Beogh smites you!
Ouch! That really hurt!
* * * LOW HITPOINT WARNING * * *
There is a stone staircase leading down here.
The orc priest mumbles some strange prayers to Beogh against you.
Pain shoots through your body!
Ouch! That really hurt!
You die...

##### #...#
#########...######
........'...'...@#
.########...####.#
.# ##### #.# .#
#o# .# #.#
############ #.#
## ...........#
#.# ))
##########.#
#.#######.#
......)#
#.#####.....o...#


You could see an orc priest.

Vanquished Creatures
  2 adders
  3 worms
  2 dart slugs
  5 orcs (D:3)
  6 bats
  2 endoplasms
  3 giant cockroaches
  5 hobgoblins
  2 jackals (D:1)
  6 kobolds
  5 quokkas
  3 ball pythons
  3 frilled lizards
  8 goblins
  2 rats
57 creatures vanquished.

Notes
Turn   | Place    | Note
-------+----------+-------------------------------------------
     0 | D:1      | marwff the Deep Elf Conjurer began the quest for the Orb.
     0 | D:1      | Reached XP level 1. HP: 10/10 MP: 6/6
   283 | D:1      | Reached XP level 2. HP: 15/15 MP: 5/8
   286 | D:1      | Learned a level 2 spell: Searing Ray
   483 | D:1      | Reached skill level 5 in Conjurations
   806 | D:1      | Reached XP level 3. HP: 19/19 MP: 8/10
  1985 | D:3      | Reached XP level 4. HP: 24/24 MP: 9/12
  2526 | D:3      | Killed from afar by an orc priest

Illustrated notes

Levels and vault maps discovered:
D:1:      spicycebolla_arrival_ecumenical, layout_loops_ring, roderic_lattice_a,
          minmay_hexomino_c4
D:2:      layout_basic
D:3:      layout_basic, grunt_decor_arrowhead
D:4:      layout_cave_pods, trog_antimagical

Skill      XL: |  1  2  3 |
---------------+----------+-----
Conjurations   | 5 |  5.9
Spellcasting   | 4 |  4.3
Dodging        | |  2.4
Stealth        | |  2.4

Action                     |  1- 3 |  4- 6 || total
---------------------------+-------+-------++-------
   Cast: Magic Dart        |    55 |    12 ||    67
         Searing Ray       |    15 |     8 ||    23
 Armour: Robe              |     1 |       ||     1
  Dodge: Dodged            |     3 |       ||     3
